 Dungeon Crawl Stone Soup version 0.21.1-1-g345015f (webtiles) character file.

130 Pyrotika the Skirmisher (level 4, -3/42 HPs)
             Began as a Minotaur Berserker on July 26, 2018.
             Was a Believer of Trog.
             Slain by an ice beast (14 damage)
             ... on level 3 of the Dungeon.
             The game lasted 00:06:49 (3082 turns).

Pyrotika the Skirmisher (Minotaur Berserker)        Turns: 3082, Time: 00:06:50

Health: -3/42      AC:  4    Str: 22    XL:     4   Next: 89%
Magic:  3/3        EV: 13    Int:  4    God:    Trog [**....]
Gold:   118        SH:  0    Dex: 10    Spells: 3/3 levels left

rFire    . . .     SeeInvis .   a - +0 hand axe
rCold    . . .     Gourm    .   (no shield)
rNeg     . . .     Faith    .   g - +0 leather armour
rPois    .         Spirit   .   (helmet restricted)
rElec    .         Reflect  .   (no cloak)
rCorr    .         Harm     .   (no gloves)
MR       .....                  k - +0 pair of boots
Stlth    +.........             (no amulet)
HPRegen  0.14/turn              (no ring)
MPRegen  0.08/turn              (no ring)

@: no status effects
A: retaliatory headbutt, horns 2
a: Berserk, Trog's Hand, Burn Spellbooks, Renounce Religion


You were on level 3 of the Dungeon.
You worshipped Trog.
Trog was pleased with you.
You were hungry.

You visited 1 branch of the dungeon, and saw 3 of its levels.

You collected 118 gold pieces.

Inventory:

Hand Weapons
 a - a +0 hand axe (weapon)
Armour
 b - a +0 animal skin
 g - a +0 leather armour (worn)
 k - a +0 pair of boots (worn)
Scrolls
 e - 2 scrolls of teleportation {unknown}
 f - a scroll of fear {unknown}
 h - a scroll of enchant weapon {unknown}
 j - a scroll of remove curse {unknown}
 l - a scroll of blinking {unknown}
 m - a scroll of amnesia {unknown}
Potions
 d - 2 potions of curing {unknown}
 i - a potion of ambrosia {unknown}
 n - a potion of heal wounds {unknown}
 o - a potion of haste {unknown}
 p - a potion of agility {unknown}
 q - 2 potions of might {unknown}
Comestibles
 c - 7 rations


   Skills:
 + Level 5.1 Fighting
 - Level 3.6 Axes
 - Level 2.4 Armour
 * Level 4.3 Dodging
 + Level 0.6 Stealth


You had 3 spell levels left.
You didn't know any spells.

Dungeon Overview and Level Annotations

Branches:
Dungeon (3/15)

Altars:
Makhleb
Vehumet

Annotations:
D:3 tester123's ghost, weakling MiFi


Innate Abilities, Weirdness & Mutations

You reflexively headbutt those who attack you in melee.
You have a pair of horns on your head.


Message History

The ice beast is heavily wounded.
The ice beast hits you. The ice beast freezes you.
You hit the ice beast.
You headbutt the ice beast, but do no damage.
The ice beast is heavily wounded.
The ice beast closely misses you. You furiously retaliate!
You headbutt the ice beast. You barely miss the ice beast.
The ice beast is severely wounded.
The ice beast hits you. The ice beast freezes you!
You are too injured to fight recklessly!
You hit the ice beast but do no damage.
The ice beast is severely wounded.
The ice beast hits you. The ice beast freezes you.
You hit the ice beast.
The ice beast is severely wounded.
The ice beast hits you.
* * * LOW HITPOINT WARNING * * *
The ice beast freezes you!
You die...

###.# #.# ..
#.# #.# #.#
##.####.##
#....##..#
.###....###.#
........# #.#
###.....###.#
#..>..Y@....#
..##..≈≈#####
#..≈## #..≈
#..≈ ##.§ #..
##≈


You could see an ice beast.

Vanquished Creatures
  5 adders
  An ooze (D:2)
  A worm (D:2)
  A dart slug (D:1)
  2 leopard geckos
  7 ball pythons
  9 bats
  A giant cockroach (D:3)
  6 goblins
  10 hobgoblins
  8 jackals (D:2)
  6 frilled lizards
  7 kobolds
  7 rats
71 creatures vanquished.

Notes
Turn   | Place    | Note
-------+----------+-------------------------------------------
     0 | D:1      | Pyrotika the Minotaur Berserker began the quest for the Orb.
     0 | D:1      | Reached XP level 1. HP: 19/19 MP: 0/0
    62 | D:1      | Reached skill level 4 in Fighting
   278 | D:1      | Reached XP level 2. HP: 27/27 MP: 1/1
   825 | D:1      | Reached XP level 3. HP: 34/34 MP: 2/2
   879 | D:2      | Found a burning altar of Makhleb.
   879 | D:2      | Found a radiant altar of Vehumet.
   955 | D:2      | Reached ** piety under Trog
  1406 | D:2      | Reached XP level 4. HP: 14/41 MP: 3/3
  2249 | D:3      | Noticed tester123's ghost (weakling MiFi)
  2255 | D:3      | Noticed an ice beast
  2269 | D:2      | Reached skill level 5 in Fighting
  3082 | D:3      | Slain by an ice beast

Skill      XL: |  1  2  3  4 |
---------------+-------------+-----
Fighting       | 4 5 |  5.1
Dodging        | 3 4 |  4.3
Axes           | |  3.6
Armour         | |  2.4
Stealth        | |  0.6

Action                   |  1- 3 |  4- 6 || total
-------------------------+-------+-------++-------
Melee: Hand axe          |    85 |    67 ||   152
       Headbutt          |    10 |    16 ||    26
 Stab: Sleeping          |       |     1 ||     1
  Eat: Chunk             |     1 |     5 ||     6
Armor: Animal skin       |    10 |       ||    10
       Leather armour    |    13 |    18 ||    31
Dodge: Dodged            |    59 |    46 ||   105
